 Dungeon Crawl Stone Soup version 0.28-a0-479-g5baa6b73be (webtiles) character file.

Game seed: 13725928039320319420

14170 robertstho the Thaumaturge (level 12, -1/84 HPs)
             Began as a Djinni Fire Elementalist on Sept 17, 2021.
             Was an Initiate of Gozag.
             Killed from afar by a gargoyle (9 damage)
             ... with a stone arrow
             ... on level 11 of the Dungeon.
             The game lasted 00:30:19 (16393 turns).

robertstho the Thaumaturge (DjFE)                  Turns: 16393, Time: 00:30:22

Health: -1/84      AC:  8    Str:  7    XL:     12   Next: 41%
Gold:   1943       EV: 14    Int: 20    God:    Gozag SH:  0 Dex: 22

rFire   + + .      SeeInvis .   F - +1 scimitar (flame)
rCold   x . .      Faith    .   (no shield)
rNeg    . . .      Spirit   .   a - +0 robe
rPois   ∞          Reflect  .   h - +1 hat
rElec   .          Harm     .   A - +0 cloak
rCorr   .          Rampage  .   o - +3 pair of gauntlets of War {Slay+5}
Will    ++...                   (boots unavailable)
Stlth   +++.......              (no amulet)
HPRegen 0.24/turn               y - +6 ring of dexterity
MPRegen 0.00/turn               e - ring of willpower

@: gold aura, flying, studying Polearms
A: sickness immunity, fire resistance 2, cold vulnerability 1, float, innate
caster, hp casting, extra vitality 1
a: Renounce Religion, Potion Petition, Call Merchant, Bribe Branch


You were on level 11 of the Dungeon.
You worshipped Gozag.
Gozag was most pleased with you.
You visited 2 branches of the dungeon, and saw 12 of its levels.
You also visited: Bailey.

You collected 2048 gold pieces.
You paid 105 gold pieces to Gozag.

Inventory:

Hand Weapons
 m - a +0 short sword of venom
 F - a +1 scimitar of flaming (weapon)
Missiles
 G - 2 throwing nets
Armour
 a - a +0 robe (worn)
 d - the +5 kite shield "Fiocsess" {Dex+5 Slay+3}
   (You took it off an orc warrior on level 10 of the Dungeon)

   Dex:       It affects your dexterity (+5).
   Slay:      It affects your accuracy & damage with ranged weapons and melee
   (+3).
 h - a +1 hat (worn)
 o - the +3 pair of gauntlets of War (worn) {Slay+5}
   (You acquired it on level 10 of the Dungeon)

   Slay:      It affects your accuracy & damage with ranged weapons and melee
   (+5).
 A - a +0 cloak (worn)
Jewellery
 e - a ring of willpower (right hand)
 y - a +6 ring of dexterity (left hand)
Wands
 B - a wand of acid (15)
 C - a wand of iceblast (24)
Scrolls
 b - a scroll of fear {unknown}
 c - a scroll of torment {unknown}
 f - 4 scrolls of teleportation
 n - 2 scrolls of enchant armour {unknown}
 p - 5 scrolls of noise {unknown}
 r - 3 scrolls of immolation {unknown}
 s - 4 scrolls of fog {unknown}
 w - a scroll of blinking {unknown}
 x - 2 scrolls of silence
Potions
 i - 6 potions of curing
 j - 4 potions of might {unknown}
 k - 2 potions of attraction {unknown}
 l - 7 potions of mutation {unknown}
 t - 6 potions of cancellation {unknown}
 u - a potion of resistance {unknown}
 v - 3 potions of brilliance {unknown}
 z - a potion of lignification
 D - a potion of invisibility {unknown}
 E - a potion of haste
Miscellaneous
 g - a box of beasts


   Skills:
 * Level 6.7 Fighting
 + Level 0.2(0.8) Short Blades
 + Level 1.3(1.4) Long Blades
 + Level 3.3 Dodging
 + Level 2.8 Stealth
 * Level 14.9 Spellcasting


You had 12 spell levels left.
You knew the following spells:

 Your Spells              Type           Power      Damage    Failure   Level
a - Foxfire               Conj/Fire      100%       2x1d9     0%          1
b - Scorch                Fire           100%       2d10      0%          2
c - Conjure Flame         Conj/Fire      66%        6-21      1%          3
d - Inner Flame           Hex/Fire       66%        N/A       1%          3
e - Flame Wave            Conj/Fire      66%        3d12      1%          4
f - Summon Small Mammal   Summ           100%       N/A       0%          1
g - Searing Ray           Conj           100%       2d8       0%          2
h - Summon Guardian Gole  Hex/Summ       66%        N/A       1%          3
i - Summon Ice Beast      Ice/Summ       66%        N/A       1%          4
j - Lightning Bolt        Conj/Air       33%        1d50      1%          5
Your spell library was empty.

Dungeon Overview and Level Annotations

Branches:
Dungeon (11/15)            Temple (1/1) D:6            Lair (0/6) D:10
    Orc (0/2) D:10         Bailey (visited)

Altars:
Ashenzari
Elyvilon
Gozag
Hepliaklqana
Kikubaaqudgha
Makhleb
Okawaru
Qazlal
Ru
Trog
Wu Jian
Xom
Yredelemnul
Zin
The Shining One
Beogh

Annotations:
D:6 2 transporters


Innate Abilities, Weirdness & Mutations

You are immune to sickness and miasma.
You are immune to poison.
Your flesh is very heat resistant. (rF++)
You are vulnerable to cold. (rC-)
You float through the air rather than walking.
You learn spells naturally, not from books.
Your magical power is your life essence.
You have superior vitality. (+4 HP)


Message History

The flame wave engulfs the gargoyle but does no damage.
The gargoyle is moderately damaged.
The flame wave engulfs something!!
Reactivating autopickup.
You feel a bit more experienced. (Press . to intensify the flame waves.)
The gargoyle misses you.
A wave of flame ripples out!
The flame wave engulfs the gargoyle!
The gargoyle is heavily damaged.
The gargoyle hurls a stone arrow at you.
The stone arrow hits you!
A wave of flame ripples out!
The flame wave engulfs the gargoyle.
The gargoyle is severely damaged.
You finish channelling waves of flame.
The gargoyle hurls a stone arrow at you.
The stone arrow misses you.
Unknown command.
Casting: Flame Wave (safe; 1% risk of failure)
Confirm with . or Enter, or press ? or * to list all spells.
Casting: Flame Wave (safe; 1% risk of failure)
Press: ? - help, Dir - look around, f - activate A wave of flame ripples out!
The flame wave engulfs the gargoyle!
The gargoyle is almost destroyed. (Press . to intensify the flame waves.)
The gargoyle hits you with a +0 mace.
Unknown command.
A wave of flame ripples out!
The flame wave engulfs the gargoyle.
The gargoyle is almost destroyed.
* * * LOW HITPOINT WARNING * * *
The gargoyle hits you with a +0 mace!
* * * LOW HITPOINT WARNING * * *
A wave of flame ripples out!
The flame wave engulfs the gargoyle but does no damage.
The gargoyle is almost destroyed.
* * * LOW HITPOINT WARNING * * *
You finish channelling waves of flame.
The gargoyle hurls a stone arrow at you.
The stone arrow hits you!
You die...
Your body crumbles into a pile of gold.

....... .#
....... ..#
#......#####..#
#.............#
.....[.......
#...........
#....$......
#...@9......
#..........#
#...########
..?.. #......
#...... #......
#......


You could see a gargoyle.

Vanquished Creatures
  A centaur warrior (D:10)
  Pikel (D:6)
  Joseph (D:9)
  Maurice (D:11)
  Maggie (D:6)
  2 kobold demonologists (D:8)
  A hornet (D:9)
  2 shadows (D:10)
  A basilisk (D:10)
  A yak (D:10)
  3 steam dragons
  3 vampire mosquitoes (D:10)
  2 acid dragons (D:10)
  A water moccasin (D:9)
  3 black bears
  7 orc warriors (D:10)
  2 ice beasts
  2 necrophages
  5 ogres
  2 centaurs (D:9)
  2 lemures (D:6)
  A phantom (D:5)
  A kobold brigand (D:10)
  A bullfrog (D:8)
  3 scorpions
  A water moccasin zombie (D:5)
  8 killer bees
  3 wights (D:7)
  2 bullfrog skeletons
  2 centaur zombies
  5 hounds
  4 orc priests
  8 orc wizards
  3 iguanas
  A killer bee zombie (D:5)
  A hound skeleton (D:5)
  6 adders
  21 gnolls
  A howler monkey zombie (D:9)
  A shadow imp (D:7)
  A white imp (D:4)
  An adder skeleton (D:4)
  A worm (D:2)
  3 dart slugs
  43 orcs
  5 ball pythons
  5 bats
  4 endoplasms
  2 giant cockroaches
  19 hobgoblins
  7 jackals (D:1)
  19 kobolds
  4 quokkas
  4 frilled lizards
  7 goblins
  4 rats
  A spectral hobgoblin (D:1)
247 creatures vanquished.

Vanquished Creatures (collateral kills)
  Harold (D:8)
  Erica (D:8)
  A steam dragon (D:8)
  A water moccasin (D:8)
  An orc warrior (D:10)
  A scorpion (D:10)
  A killer bee (D:9)
  A howler monkey zombie (D:8)
  5 orcs
  6 foxfires (D:10)
19 creatures vanquished.

Vanquished Creatures (others)
  4 two-headed ogres
  An orc knight (Bailey)
  An unseen horror (D:10)
  An acid dragon (D:9)
  An orc warrior (D:9)
  2 centaurs (D:10)
  A wyvern zombie (D:8)
  A centaur zombie (D:8)
  An orc priest (D:9)
  An orc (D:9)
  2 hobgoblins (Bailey)
  A kobold (Bailey)
  512 foxfires
  11 fungi (D:10)
  3 plants (D:10)
543 creatures vanquished.

Grand Total: 809 creatures vanquished

Notes
Turn   | Place    | Note
-------+----------+-------------------------------------------
     0 | D:1      | robertstho the Djinni Fire Elementalist began the quest for
                  | the Orb.
     0 | D:1      | Reached XP level 1. HP: 15/15 MP: 0/0
   203 | D:1      | Found a faded altar of an unknown god.
   222 | D:1      | Reached XP level 2. HP: 15/21 MP: 0/0
   245 | D:1      | Reached skill level 1 in Fighting
   720 | D:1      | Reached skill level 3 in Spellcasting
   720 | D:1      | Reached XP level 3. HP: 22/27 MP: 0/0
   720 | D:1      | Learned a level 1 spell: Summon Small Mammal
  1028 | D:1      | You are sucked into a shaft and drop 1 floor!
  1336 | D:1      | Reached XP level 4. HP: 20/32 MP: 0/0
  2304 | D:2      | Found a broken altar of Ashenzari.
  2915 | D:3      | Reached XP level 5. HP: 15/37 MP: 0/0
  2915 | D:3      | Learned a level 2 spell: Searing Ray
  3431 | D:3      | Reached skill level 4 in Spellcasting
  3720 | D:3      | Found a sacrificial altar of Ru.
  4253 | D:4      | Reached XP level 6. HP: 32/42 MP: 0/0
  4569 | D:4      | Noticed a necrophage
  4573 | D:4      | Killed a necrophage
  4574 | D:4      | Reached skill level 5 in Spellcasting
  5461 | D:4      | Found an ornate altar of the Wu Jian Council.
  5462 | D:4      | Found a basalt altar of Yredelemnul.
  5663 | D:5      | Entered Level 5 of the Dungeon
  5736 | D:5      | Reached XP level 7. HP: 44/48 MP: 0/0
  5736 | D:5      | Learned a level 3 spell: Summon Guardian Golem
  6145 | D:5      | Found a glowing silver altar of Zin.
  6145 | D:5      | Found a stormy altar of Qazlal.
  6162 | D:5      | Reached skill level 6 in Spellcasting
  6275 | D:5      | Reached XP level 8. HP: 51/55 MP: 0/0
  6738 | D:6      | Found a shimmering altar of Xom.
  6739 | D:6      | Found a shimmering altar of Xom.
  6742 | D:6      | Found a shimmering altar of Xom.
  6743 | D:6      | Found a shimmering altar of Xom.
  6764 | D:6      | Found a shimmering altar of Xom.
  6766 | D:6      | Found a shimmering altar of Xom.
  6859 | D:6      | Reached skill level 7 in Spellcasting
  6953 | D:6      | Found a staircase to the Ecumenical Temple.
  7010 | D:6      | Found a transporter.
  7031 | Temple   | Entered the Ecumenical Temple
  7048 | Temple   | Became a worshipper of Gozag Ym Sagoz the Greedy
  7520 | D:6      | Noticed Maggie
  7536 | D:6      | Killed Maggie
  7537 | D:6      | Reached XP level 9. HP: 31/61 MP: 0/0
  7537 | D:6      | Learned a level 4 spell: Summon Ice Beast
  7719 | D:6      | Found a shimmering altar of Xom.
  7753 | D:6      | Reached skill level 8 in Spellcasting
  7889 | D:6      | Found a transporter.
  7966 | D:6      | Noticed Pikel
  7974 | D:6      | Killed Pikel
  7985 | D:6      | Reached skill level 9 in Spellcasting
  8140 | D:6      | Found a burning altar of Makhleb.
  9523 | D:8      | Noticed a kobold demonologist
  9527 | D:8      | Noticed a kobold demonologist
  9531 | D:8      | Killed a kobold demonologist
  9532 | D:8      | Reached XP level 10. HP: 62/69 MP: 0/0
  9537 | D:8      | Killed a kobold demonologist
  9538 | D:8      | Reached skill level 10 in Spellcasting
  9682 | D:8      | Noticed Erica
  9703 | D:8      | Killed Erica
  9961 | D:8      | Noticed Harold
  9984 | D:8      | Killed Harold
  9985 | D:8      | Reached skill level 5 in Fighting
  9992 | D:8      | Reached skill level 11 in Spellcasting
 10702 | D:8      | Identified a scroll of acquirement
 10710 | D:8      | Acquired a manual of Spellcasting
 10736 | D:9      | Noticed a two-headed ogre
 10745 | D:9      | Killed a two-headed ogre
 10746 | D:9      | Reached XP level 11. HP: 53/76 MP: 0/0
 10746 | D:9      | Learned a level 5 spell: Lightning Bolt
 10749 | D:9      | Noticed Joseph
 10760 | D:9      | Killed Joseph
 11104 | D:9      | Noticed a two-headed ogre
 11113 | D:9      | Killed a two-headed ogre
 11114 | D:9      | Reached skill level 12 in Spellcasting
 12103 | D:9      | Noticed a two-headed ogre
 12113 | D:9      | Killed a two-headed ogre
 12177 | D:9      | Reached skill level 13 in Spellcasting
 12656 | D:10     | Entered Level 10 of the Dungeon
 12681 | D:10     | HP: 3/76 [something (20)]
 13035 | D:10     | Reached skill level 1 in Long Blades
 13277 | D:10     | Found a staircase to the Orcish Mines.
 13344 | D:10     | Found a flagged portal.
 13353 | Bailey   | Entered a bailey
 13725 | Bailey   | Noticed an orc knight
 14140 | Bailey   | Killed an orc knight
 15092 | D:10     | Identified the +5 kite shield "Fiocsess" {Dex+5 Slay+3}
 15099 | D:10     | Reached skill level 14 in Spellcasting
 15099 | D:10     | Reached XP level 12. HP: 59/84 MP: 0/0
 15407 | D:10     | Found a staircase to the Lair.
 15841 | D:10     | Noticed a centaur warrior
 15849 | D:10     | Killed a centaur warrior
 15909 | D:10     | Noticed a two-headed ogre
 15916 | D:10     | Killed a two-headed ogre
 16360 | D:10     | Acquired the +3 pair of gauntlets of War {Slay+5}
 16360 | D:10     | Found the +3 pair of gauntlets of War {Slay+5}
 16381 | D:11     | Noticed Maurice
 16388 | D:11     | Killed Maurice
 16393 | D:11     | Killed from afar by a gargoyle

Illustrated notes

Levels and vault maps discovered:
D:1:      evilmike_arrival_hilbert_curve, layout_rooms,
          dreamdust_ecumenical_altar_drowned_temple,
          wander_ebering_terrifying_dragon_lair
D:2:      layout_loops_ring, basic_altar
D:3:      layout_basic, mainiacjoe_overflow_six_doors_small
D:4:      layout_loops_corners, gammafunk_temple_overflow_pools, st_stairs_1,
          minmay_box_of_dots
D:5:      layout_basic, gammafunk_temple_overflow_elements,
          mainiacjoe_overflow_chevrons
D:6:      gammafunk_steamed_eel, layout_basic, demons_altar,
          nicolae_xom_altar_mimics, minmay_temple_entry_glass, uniq_maggie,
          uniq_pikel
D:7:      layout_basic
D:8:      layout_gridville, uniq_harold, uniq_erica
D:9:      layout_basic, dk_noncrumbling_4, nicolae_benzene_ring,
          minmay_sticks_and_stones
D:10:     layout_cave_pools, grunt_lair_entry_orc_guard_hut,
          minmay_orc_entry_temple_small, enter_bailey_2, special_room
          [special_room_orc], abandoned_shop, grunt_potential
D:11:     layout_irregular_city, serial_shops, nicolae_shop_waterfront,
          uniq_sonja, uniq_grum, uniq_maurice
Temple:   eino_temple_water

Skill      XL: |  1  2  3  4  5  6  7  8  9 10 11 |
---------------+----------------------------------+-----
Fighting       | 1 2 3 4 5 6 |  6.7
Spellcasting   | 3 4 5 6 7 9 11 14 | 14.9
Stealth        | 2 |  2.8
Dodging        | 3 |  3.3
Long Blades    | 1 |  1.3
Short Blades   | |  0.2

Action                   |  1- 3 |  4- 6 |  7- 9 | 10-12 || total
-------------------------+-------+-------+-------+-------++-------
Melee: Dagger            |       |     3 |       |       ||     3
       Short sword       |       |    10 |     3 |       ||    13
       Long sword        |       |       |     1 |       ||     1
       Scimitar          |       |       |       |    14 ||    14
 Cast: Foxfire           |    72 |    35 |    40 |   140 ||   287
       Scorch            |       |    69 |    92 |    87 ||   248
       Summon Guardian G |       |       |     1 |    25 ||    26
       Flame Wave        |       |       |     2 |    12 ||    14
       Summon Ice Beast  |       |       |       |    18 ||    18
       Lightning Bolt    |       |       |       |    37 ||    37
  Use: Scroll            |       |       |       |    16 ||    16
       Potion            |       |       |       |     7 ||     7
Armor: Robe              |     1 |     6 |     7 |    27 ||    41
Dodge: Dodged            |    11 |    32 |    31 |    98 ||   172

Table legend: (Time is in decaauts)
 A = Elapsed time spent in this place.
 B = Non-inter-level travel time spent in this place.
 C = Inter-level travel time spent in this place.
 D = Time resting spent in this place.
 E = Time spent auto-exploring this place.
 F = Levels seen in this place.
 G = Mean time per level.
                   A        B        C        D        E       F      G
               +--------+--------+--------+--------+--------+-----+--------+
         Total |  16390 |  16034 |    356 |   2147 |  11819 |  13 | 1260.8 |
       Dungeon |  15214 |  14875 |    339 |   1577 |  11465 |  11 | 1383.1 |
        Temple |     34 |     17 |     17 |      0 |      6 |   1 |   34.0 |
        Bailey |   1140 |   1140 |      0 |    570 |    348 |   1 | 1140.0 |
               +--------+--------+--------+--------+--------+-----+--------+

Top non-repeatable levels by time:
     D:9: 2520 daAuts
    D:10: 1757 daAuts
     D:1: 1560 daAuts
     D:6: 1515 daAuts
     D:8: 1450 daAuts
     D:4: 1415 daAuts
     D:2: 1344 daAuts
     D:3: 1343 daAuts
     D:5: 1306 daAuts
  Bailey: 1140 daAuts
     D:7: 989 daAuts
  Temple: 34 daAuts
    D:11: 11 daAuts
